 Dungeon Crawl Stone Soup version 0.31-b1-17-gcfd88c8481 (webtiles) character file.

Game seed: 3062358634239740124

72 Arctor the Vexing (level 4, -3/34 HPs)
             Began as a Gnoll Hexslinger on Jan 15, 2024.
             Slain by a hobgoblin
             ... wielding a +0 falchion
              (5 damage)
             ... on level 2 of the Dungeon.
             The game lasted 00:00:58 (1196 turns).

Arctor the Vexing (Gnoll Hexslinger)                Turns: 1196, Time: 00:00:58

Health: -3/34      AC:  2    Str:  7    XL:     4   Next: 26%
Magic:  8/8        EV: 14    Int: 13    God:
Gold:   63         SH:  0    Dex: 16    Spells: 9/9 levels left

rFire   + . .        a - +1 sling
rCold   . . .        (no shield)
rNeg    . . .        c - +0 robe
rPois   .            (no helmet)
rElec   .            (no cloak)
rCorr   +            (no gloves)
SInv    .            (no boots)
Will    .....        (no amulet)
Stlth   ++           i - ring of protection from fire
HPRegen 0.25/turn    l - ring of resist corrosion
MPRegen 0.11/turn

%: no passive effects
@: no status effects
A: fangs 1, strong nose, distributed training
a: no special abilities


You were on level 2 of the Dungeon.
You visited 1 branch of the dungeon, and saw 2 of its levels.

You collected 63 gold pieces.

Inventory:

Hand Weapons
 a - a +1 sling (weapon)
Armour
 c - a +0 robe (worn)
Jewellery
 i - a ring of protection from fire (left hand)
 l - a ring of resist corrosion (right hand)
Scrolls
 b - a scroll of poison
 e - 2 scrolls of identify {unknown}
 g - a scroll of revelation {unknown}
 h - a scroll of teleportation {unknown}
Potions
 d - 3 potions of curing {unknown}
 f - a potion of brilliance {unknown}
 j - a potion of enlightenment {unknown}
 k - 2 potions of lignification {unknown}


   Skills:
 + Level 2.7 Fighting
 + Level 1.1 Short Blades
 + Level 1.1 Long Blades
 + Level 1.1 Axes
 + Level 1.1 Maces & Flails
 + Level 1.1 Polearms
 + Level 1.1 Staves
 + Level 4.6 Ranged Weapons
 + Level 1.1 Throwing
 + Level 1.1 Armour
 + Level 4.6 Dodging
 + Level 1.1 Stealth
 + Level 1.1 Shields
 + Level 1.1 Unarmed Combat
 + Level 3.0 Spellcasting
 + Level 0.9 Conjurations
 + Level 5.4 Hexes
 + Level 0.9 Summonings
 + Level 0.9 Necromancy
 + Level 0.9 Translocations
 + Level 2.2 Fire Magic
 + Level 0.9 Ice Magic
 + Level 0.9 Air Magic
 + Level 0.9 Earth Magic
 + Level 0.9 Alchemy
 + Level 1.2 Invocations
 + Level 1.1 Evocations
 + Level 1.0 Shapeshifting


You had 9 spell levels left.
You didn't know any spells.
Your spell library contained the following spells:

 Spells                   Type           Power      Damage    Failure   Level
 Jinxbite                 Hex            32%        N/A       3%          2
 Sigil of Binding         Hex            16%        N/A       8%          3
 Inner Flame              Hex/Fire       12%        N/A       14%         3
 Cause Fear               Hex            8%         N/A       24%         4
 Dimensional Bullseye     Hex/Tloc       5%         N/A       52%         4
 Irradiate                Conj/Alch      2%         3d12      99%         5
 Ignition                 Fire           3%         3d4       100%        8


Dungeon Overview and Level Annotations

Branches:
Dungeon (2/15)

Altars:


Innate Abilities, Weirdness & Mutations

You have very sharp teeth.
Your uncanny sense of smell can sniff out nearby items.
Your experience applies equally to all skills.


Message History

You are too injured to fight recklessly!
Unknown command.
You are too injured to fight recklessly!
You shoot a sling bullet.
The sling bullet hits the hobgoblin but does no damage.
The hobgoblin is heavily wounded.
The hobgoblin hits you with a +0 falchion.
You shoot a sling bullet.
The sling bullet barely misses the hobgoblin.
The hobgoblin misses you.
You shoot a sling bullet.
The sling bullet hits the hobgoblin but does no damage.
The hobgoblin is heavily wounded.
The hobgoblin hits you with a +0 falchion.
* * * LOW HITPOINT WARNING * * *
You shoot a sling bullet.
The sling bullet closely misses the hobgoblin.
The hobgoblin barely misses you.
You shoot a sling bullet.
The sling bullet barely misses the hobgoblin.
The hobgoblin misses you. The hobgoblin completely misses you.
You shoot a sling bullet.
The sling bullet barely misses the hobgoblin.
The hobgoblin hits you with a +0 falchion.
* * * LOW HITPOINT WARNING * * *
You shoot a sling bullet.
The sling bullet barely misses the hobgoblin.
The hobgoblin closely misses you.
You shoot a sling bullet.
The sling bullet barely misses the hobgoblin.
The hobgoblin hits you with a +0 falchion.
* * * LOW HITPOINT WARNING * * *
You shoot a sling bullet. The sling bullet hits the hobgoblin.
The hobgoblin is heavily wounded.
The hobgoblin barely misses you.
You shoot a sling bullet.
The sling bullet hits the hobgoblin but does no damage.
The hobgoblin is heavily wounded.
The hobgoblin hits you with a +0 falchion.
You die...

## #. .# #.###.#
...#.####
#####........
#...'@...#
#.###.g..## .
#.###.....# .
.#.####...>.....#
.
..............#.#
.
.#.####.##.##.#.#
. ##
###.###........ .
#.. #...#
#.##..... .
#...##.#.# #.#
###########


You could see a hobgoblin.

Vanquished Creatures
  2 adders (D:2)
  A dart slug (D:1)
  A ribbon worm (D:2)
  5 bats
  4 endoplasms
  2 giant cockroaches (D:2)
  3 goblins (D:1)
  4 hobgoblins
  3 jackals (D:1)
  2 kobolds
  7 quokkas
  5 ball pythons
  A frilled lizard (D:1)
  3 rats
43 creatures vanquished.

Notes
Turn   | Place    | Note
-------+----------+-------------------------------------------
     0 | D:1      | Arctor the Gnoll Hexslinger began the quest for the Orb.
     0 | D:1      | Reached XP level 1. HP: 17/17 MP: 4/4
   132 | D:1      | Reached XP level 2. HP: 23/23 MP: 5/5
   149 | D:1      | Found a faded altar of an unknown god.
   339 | D:1      | Reached XP level 3. HP: 28/28 MP: 7/7
   553 | D:1      | Reached skill level 1 in Invocations
   770 | D:2      | Reached skill level 1 in Short Blades
   770 | D:2      | Reached skill level 1 in Long Blades
   770 | D:2      | Reached skill level 1 in Axes
   770 | D:2      | Reached skill level 1 in Maces & Flails
   770 | D:2      | Reached skill level 1 in Polearms
   770 | D:2      | Reached skill level 1 in Staves
   770 | D:2      | Reached skill level 1 in Throwing
   770 | D:2      | Reached skill level 1 in Armour
   770 | D:2      | Reached skill level 1 in Stealth
   770 | D:2      | Reached skill level 1 in Shields
   770 | D:2      | Reached skill level 1 in Unarmed Combat
   770 | D:2      | Reached skill level 1 in Evocations
   804 | D:2      | Identified the +8 war axe of Welfare {vamp, rF+ Int+2}
   835 | D:2      | Reached skill level 1 in Shapeshifting
   835 | D:2      | Reached XP level 4. HP: 34/34 MP: 8/8
  1194 | D:2      | HP: 1/34 [hobgoblin/+0 falchion (5)]
  1196 | D:2      | Slain by a hobgoblin

Illustrated notes

Levels and vault maps discovered:
D:1:      dpeg_arrival_rooms_b, layout_basic,
          hellmonk_ecumenical_altar_pennies_from_heaven
D:2:      layout_basic, minmay_pentomino_z2

Skill      XL: |  1  2  3  4 |
---------------+-------------+-----
Fire Magic     | 2 |  2.2
Invocations    | 1 |  1.2
Short Blades   | 1 |  1.1
Long Blades    | 1 |  1.1
Axes           | 1 |  1.1
Maces & Flails | 1 |  1.1
Polearms       | 1 |  1.1
Staves         | 1 |  1.1
Throwing       | 1 |  1.1
Armour         | 1 |  1.1
Stealth        | 1 |  1.1
Shields        | 1 |  1.1
Unarmed Combat | 1 |  1.1
Evocations     | 1 |  1.1
Shapeshifting  | 1 |  1.0
Spellcasting   | 3 |  3.0
Fighting       | |  2.7
Ranged Weapons | |  4.6
Dodging        | |  4.6
Conjurations   | |  0.9
Hexes          | |  5.4
Summonings     | |  0.9
Necromancy     | |  0.9
Translocations | |  0.9
Ice Magic      | |  0.9
Air Magic      | |  0.9
Earth Magic    | |  0.9
Alchemy        | |  0.9

Action                     |  1- 3 |  4- 6 || total
---------------------------+-------+-------++-------
   Fire: Sling             |    88 |    65 ||   153
 Armour: Robe              |    17 |    18 ||    35
  Dodge: Dodged            |    21 |    25 ||    46
